Map: 死亡光环-天梯版

Players

Silky - Winner!

  • Race: Zerg Zerg
  • League: Master

TIME (Oliveira)

  • Race: Terran Terran

Event: DreamHack SC2 Masters 2020 Summer China

VOD

Have the link to the VOD?

Description

Time

  • Played on: July 3, 2020, 7:42 a.m.
  • Length: 5:49

All games in this series

Show
View Real Time Build Order
Export as new Build Order

Silky Zerg - Winner!

Build Orders: Hatch First 

Get SALT Encoding   

  12  0:00  Drone  
  13  0:12  Overlord  
  13  0:17  Drone  
  14  0:30  Drone  
  14  0:31  Drone  
  16  0:47  Hatchery  
  15  0:50  Drone  
  15  0:54  Drone  
  18  0:57  Drone  
  18  1:05  Extractor  
  17  1:12  Spawning Pool  
  17  1:15  Drone  
  17  1:18  Drone  
  18  1:28  Drone  
  19  1:38  Drone  
  20  1:49  Drone  
  21  1:59  Queen x2  
  21  2:00  Zergling x4  
  27  2:05  Metabolic Boost  
  27  2:11  Overlord  
  27  2:12  Drone  
  28  2:33  Hatchery  
  26  2:38  Drone x4  
  30  2:44  Overlord  
  30  2:45  Drone  
  31  2:54  Overlord  
  31  2:58  Drone  
  32  3:10  Zergling x16  
  40  3:14  Spore Crawler  
  40  3:22  Roach Warren  
  40  3:23  Drone x2  
  41  3:27  Extractor  
  41  3:31  Overlord  
  40  3:39  Overlord  
  40  3:42  Drone  
  40  3:43  Drone  
  41  4:03  Roach x7  
  41  4:08  Overlord  
  55  4:11  Zergling x8  
  59  4:17  Overlord  
  59  4:21  Zergling x2  
  60  4:26  Zergling x6  
  60  4:30  Zergling x4  
  65  4:37  Zergling x4  
  65  4:38  Zergling x2  
  67  4:39  Zergling x2  
  68  4:46  Zergling x6  
  68  4:52  Ravager x3  
  74  4:54  Zergling x4  
  74  4:59  Ravager  
  77  5:01  Zergling x2  
  77  5:02  Zergling x2  
  77  5:03  Zergling x4  
  77  5:07  Overlord  
  64  5:29  Zergling x6  
  64  5:30  Zergling x14  
Show
View Real Time Build Order
Export as new Build Order

TIME Terran 

Build Orders: Hellion Opening, Liberator Opening, Reaper Expand 

Get SALT Encoding   

  12  0:00  SCV  
  13  0:12  SCV  
  14  0:17  Supply Depot  
  14  0:25  SCV  
  15  0:38  SCV  
  15  0:41  Barracks  
  16  0:45  Refinery  
  16  0:51  SCV  
  17  1:03  SCV  
  18  1:15  SCV  
  19  1:29  Reaper, Orbital Command  
  20  1:39  Command Center  
  20  1:47  Supply Depot  
  20  1:55  SCV  
  21  2:01  Marine  
  21  2:07  SCV  
  23  2:08  Factory  
  23  2:13  Refinery  
  23  2:19  SCV  
  23  2:22  Barracks Reactor  
  24  2:31  SCV  
  25  2:43  SCV  
  26  2:51  Orbital Command  
  26  2:54  Starport  
  26  2:55  SCV  
  27  3:02  Hellion x2  
  27  3:04  Marine  
  32  3:07  SCV  
  33  3:17  SCV  
  34  3:23  Hellion x2  
  34  3:24  Supply Depot, Marine  
  39  3:29  SCV x2  
  39  3:30  Viking  
  43  3:41  SCV x2  
  43  3:48  Supply Depot  
  45  3:50  Hellion x2  
  45  3:53  Barracks Tech Lab  
  45  3:54  SCV  
  50  3:57  SCV  
  50  4:02  Liberator  
  56  4:10  SCV x2  
  56  4:15  Command Center  
  56  4:19  Marine  
  56  4:22  SCV  
  58  4:24  Factory Tech Lab  
  58  4:26  Barracks  
  58  4:29  SCV  
  59  4:37  SCV, Barracks  
  60  4:41  SCV  
  61  4:53  Bunker x2  
  61  4:58  Supply Depot, Marauder  
  62  5:04  Bunker  
  62  5:10  SCV x2, Siege Tank  
  62  5:12  Medivac  
  68  5:20  Marine  
  60  5:21  Marine  
  45  5:29  Marine  
Tags
 
Add a new tag
Caveats
  • Supply blocks, unpowered buildings, or Contaminate may cause inaccurate times.
  • Supply counts are checked every 10 seconds.